 Dungeon Crawl Stone Soup version 0.18.1-48-g4cf74bf (webtiles) character file.

2699 Joat the Insei (level 9, -10/62 HPs)
             Began as an Octopode Transmuter on Aug 10, 2016.
             Was an Elder of Cheibriados.
             Mangled by Joat's ghost (12 damage)
             ... on level 8 of the Dungeon.
             The game lasted 00:46:33 (7962 turns).

Joat the Insei (Octopode Transmuter)                Turns: 7962, Time: 00:46:34

Health: -10/62     AC:  2    Str: 19    XL:     9   Next: 65%
Magic:  15/15      EV: 29    Int: 25    God:    Cheibriados [****..]
Gold:   550        SH:  0    Dex: 31    Spells: 5 memorised, 4 levels left

rFire  . . .     SeeInvis .       - Unarmed
rCold  . . .     Gourm    .     (shield currently unavailable)
rNeg   . . .     Faith    .     (helmet currently unavailable)
rPois  x         Spirit   .     (no amulet)
rElec  .         Dismiss  .     d - ring of stealth
rCorr  .         Reflect  .     z - ring of loudness (curse)
SustAt .         Harm     .     y - ring of flight
MR     .....                    (no ring)
Stlth  ++........               (no ring)
                                (no ring)
                                (no ring)
                                (no ring)

@: spider-form, very slow, not resistant to hostile enchantments, unstealthy
A: almost no armour, (amphibious), 8 rings, (constrict 8), (camouflage 0),
(gelatinous body 0)
a: End Transformation, Bend Time, Temporal Distortion, Slouch, Renounce
Religion, Evoke Flight


You were on level 8 of the Dungeon.
You worshipped Cheibriados.
Cheibriados was greatly pleased with you.
You were not hungry.
You were a venomous arachnid creature.
You visited 1 branch of the dungeon, and saw 8 of its levels.

You collected 550 gold pieces.

Inventory:

Hand Weapons
 H - a +0 shortbow
Missiles
 a - 182 arrows
 i - 14 tomahawks (quivered)
 j - 29 poisoned needles
 o - 8 needles of frenzy
Armour
 q - a +0 shield
Rods
 N - a +0 iron rod (12/12)
   (You found it on level 8 of the Dungeon)
Jewellery
 d - a ring of stealth (left front leg)
 y - a ring of flight (on tentacle)
 z - a cursed ring of loudness (right front leg)
Wands
 m - a wand of lightning (6/15)
 p - a wand of iceblast (12/15)
 s - a wand of flame (18/48)
 u - a wand of flame (16/48)
 D - a wand of flame (10/48)
 J - a wand of iceblast (1/15)
Scrolls
 e - 3 scrolls of remove curse
 h - a scroll of amnesia
 k - 2 scrolls of teleportation
 A - 2 scrolls of fear
 E - a scroll of recharging
 F - 5 scrolls of identify
 L - 2 scrolls of magic mapping
Potions
 l - a potion of resistance
 n - 4 potions of curing
 t - 2 potions of brilliance
 v - a potion of lignification
 w - a potion of flight
 x - a potion of degeneration {unknown}
 B - a potion of cure mutation
 C - a potion of haste
Books
 b - a book of Changes

   Spells                             Type                      Level
   a - Beastly Appendage              Transmutation                1
   b - Sticks to Snakes               Transmutation                2
   c - Spider Form                    Transmutation/Poison         3
   d - Ice Form                       Ice/Transmutation            4
   e - Blade Hands                    Transmutation                5
 r - a Grand Grimoire

   Spells                             Type                      Level
   a - Monstrous Menagerie            Summoning                    7
   b - Summon Greater Demon           Summoning                    7
   c - Malign Gateway                 Summoning/Translocation      7
   d - Summon Horrible Things         Summoning                    8
 K - a book of Beasts

   Spells                             Type                      Level
   a - Summon Butterflies             Summoning                    1
   b - Call Canine Familiar           Summoning                    3
   c - Summon Ice Beast               Ice/Summoning                4
   d - Summon Mana Viper              Hexes/Summoning              5
   e - Summon Hydra                   Summoning                    7
Miscellaneous
 M - a plain deck of summoning {drawn: 4}
Comestibles
 c - 3 bread rations
 f - 3 beef jerkies
 g - 4 meat rations
 G - 5 fruits
 I - a slice of pizza


   Skills:
 + Level 5.7 Fighting
   Level 0.2 Maces & Flails
 + Level 5.8 Dodging
 - Level 1.9 Shields
 + Level 6.2 Unarmed Combat
 - Level 4.2 Spellcasting
 + Level 5.2 Transmutations
 - Level 6.0 Poison Magic


You had 4 spell levels left.
You knew the following spells:

 Your Spells              Type           Power        Failure   Level  Hunger
a - Summon Butterflies    Summ           #.......     24%         1    None
q - Beastly Appendage     Trmt           ####..       6%          1    None
A - Sticks to Snakes      Trmt           ####....     6%          2    None
B - Spider Form           Trmt/Pois      ####......   10%         3    ##.....
C - Blade Hands           Trmt           ####......   56%         5    #####..


Dungeon Overview and Level Annotations

Branches:
Dungeon (8/15)             Temple (0/1) D:7
   Lair: D:8-11

Altars:
Cheibriados
Kikubaaqudgha
Makhleb
Nemelex Xobeh
Okawaru
Qazlal
Trog
Vehumet
Xom
Yredelemnul
Zin

Annotations:
D:8 Joat's ghost, novice OpMo


Innate Abilities, Weirdness & Mutations

You cannot wear most types of armour.
((You are amphibious.))
You can wear up to eight rings at the same time.
((You can use your tentacles to constrict eight enemies at once.))
((Your skin changes colour to match your surroundings (Stealth).))
((Your rubbery body absorbs attacks (AC +1).))


Message History

Joat's ghost says, "I have plenty of time to study, now."
Joat's ghost misses you. Joat's ghost hits you!
* * * LOW HITPOINT WARNING * * *
Evoke which item? (* to show all) (? for menu, Esc to quit)
You draw a card...
It is Foxfire.
Joat's ghost completely misses you.
You swap places.
Your wyvern bites Joat's ghost but does no damage.
Your wyvern misses Joat's ghost. Joat's ghost hits you.
* * * LOW HITPOINT WARNING * * *
Your wyvern bites Joat's ghost!
Your wyvern misses Joat's ghost. x2
Your wyvern closely misses Joat's ghost.
Joat's ghost says, "Death is but another step down the path of knowledge."
Joat's ghost barely misses you.
Your wyvern completely misses Joat's ghost.
Your wyvern closely misses Joat's ghost.
Your wyvern barely misses Joat's ghost.
Your wyvern misses Joat's ghost.
Your wyvern closely misses Joat's ghost.
Joat's ghost hits you!
You die...

#..............
#..........##
#.....#..###
#.....###.[#
.....### #..#
......# ##.##
......# #..#
###. ##.# #.
#s## ## #.#
#W.####.# #.###
##ll.....#
#....##..#....##
#.......###..#.#
##.......##..##
.#
#.......#...##
....##......##
?.# ##....##


You could see Joat's ghost and 2 friendly wyverns.

Vanquished Creatures
  A hippogriff (D:7)
  A sky beast (D:5)
  2 ice beasts (D:5)
  3 phantoms
  6 centaurs
  2 ogres (D:4)
  A crocodile (D:7)
  3 giant frogs
  A scorpion (D:5)
  5 killer bees (D:8)
  3 crimson imps
  A centaur zombie (D:6)
  2 hounds
  2 quasits
  An orc wizard (D:6)
  2 centaur skeletons
  Natasha (thrice) (D:3)
  8 worker ants
  10 adders
  A shadow imp (D:5)
  2 adder skeletons
  An adder zombie (D:6)
  A worm (D:2)
  2 dart slugs
  2 giant geckos
  10 orcs
  3 ball pythons
  6 giant cockroaches
  6 goblins
  10 hobgoblins
  10 jackals
  4 quokkas
  9 bats
  A giant gecko skeleton (D:4)
  2 giant newts
  2 gnoll zombies (D:6)
  A jackal skeleton (D:4)
  A jackal zombie (D:6)
  10 kobolds
  9 rats
150 creatures vanquished.

Vanquished Creatures (collateral kills)
  3 gnolls (D:7)
3 creatures vanquished.

Grand Total: 153 creatures vanquished

Notes
Turn   | Place    | Note
--------------------------------------------------------------
     0 | D:1      | Joat the Octopode Transmuter began the quest for the Orb.
     0 | D:1      | Reached XP level 1. HP: 13/13 MP: 3/3
   189 | D:1      | Reached XP level 2. HP: 9/18 MP: 5/5
   584 | D:1      | Learned a level 2 spell: Sticks to Snakes
   841 | D:1      | Reached XP level 3. HP: 19/24 MP: 6/6
  1466 | D:2      | Found a snail-covered altar of Cheibriados.
  1475 | D:2      | Became a worshipper of Cheibriados the Contemplative
  1696 | D:2      | Reached XP level 4. HP: 30/30 MP: 7/7
  2156 | D:3      | Noticed Natasha
  2162 | D:3      | Killed Natasha
  2306 | D:3      | Noticed Natasha
  2328 | D:3      | Killed Natasha
  2328 | D:3      | Reached XP level 5. HP: 31/35 MP: 8/8
  2411 | D:3      | Learned a level 3 spell: Spider Form
  2414 | D:3      | Reached * piety under Cheibriados
  2548 | D:3      | Reached skill level 1 in Poison Magic
  2590 | D:3      | Found a shimmering altar of Xom.
  2646 | D:3      | Noticed Natasha
  2654 | D:3      | Killed Natasha
  2978 | D:4      | Found an ancient bone altar of Kikubaaqudgha.
  3305 | D:4      | Found a radiant altar of Vehumet.
  3314 | D:4      | Reached XP level 6. HP: 35/41 MP: 6/9
  3427 | D:4      | Found a glowing silver altar of Zin.
  4021 | D:4      | Found a burning altar of Makhleb.
  4026 | D:4      | Reached XP level 7. HP: 40/45 MP: 10/10
  4080 | D:4      | Reached ** piety under Cheibriados
  4195 | D:4      | Found an iron altar of Okawaru.
  4379 | D:4      | Found a bloodstained altar of Trog.
  4411 | D:5      | Entered Level 5 of the Dungeon
  4918 | D:5      | Reached skill level 5 in Poison Magic
  4918 | D:5      | Reached XP level 8. HP: 45/53 MP: 9/12
  5366 | D:6      | Reached *** piety under Cheibriados
  5712 | D:6      | Reached skill level 5 in Unarmed Combat
  5921 | D:6      | Found a basalt altar of Yredelemnul.
  6343 | D:5      | Reached XP level 9. HP: 35/59 MP: 12/15
  6592 | D:7      | Reached **** piety under Cheibriados
  6592 | D:7      | Reached skill level 5 in Dodging
  6598 | D:7      | Reached skill level 5 in Fighting
  6598 | D:7      | Reached skill level 1 in Shields
  6971 | D:7      | Learned a level 5 spell: Blade Hands
  7014 | D:7      | Found a staircase to the Ecumenical Temple.
  7108 | D:7      | Learned a level 1 spell: Summon Butterflies
  7393 | D:7      | Reached skill level 5 in Transmutations
  7498 | D:7      | Found a sparkling altar of Nemelex Xobeh.
  7624 | D:7      | Found a stormy altar of Qazlal.
  7936 | D:8      | Noticed Joat's ghost (novice OpMo)
  7936 | D:8      | noob
  7958 | D:8      | HP: 2/62 [Joat's ghost (15)]
  7962 | D:8      | Mangled by Joat's ghost

Skill      XL: |  1  2  3  4  5  6  7  8  9 |
---------------+----------------------------+-----
Fighting       | 2 3 4 5 |  5.7
Dodging        | 3 4 5 |  5.8
Poison Magic   | 3 4 5 6 |  6.0
Transmutations | 3 4 5 |  5.2
Unarmed Combat | 4 5 6 |  6.2
Spellcasting   | 3 4 |  4.2
Shields        | 1 |  1.9
Maces & Flails | |  0.2

Action                   |  1- 3 |  4- 6 |  7- 9 || total
-------------------------+-------+-------+-------++-------
Melee: Unarmed           |    82 |    18 |   221 ||   321
       Constrict         |    24 |    18 |    25 ||    67
       Tentacles         |     9 |     9 |    38 ||    56
       Kick              |     5 |     1 |    13 ||    19
       Whip              |     2 |    72 |    26 ||   100
       Punch             |       |     1 |     5 ||     6
 Cast: Beastly Appendage |     5 |     1 |     7 ||    13
       Spider Form       |       |     3 |    21 ||    24
 Abil: Evoke Flight      |       |       |     1 ||     1
Evoke: Wand              |       |     2 |     7 ||     9
       Deck              |       |       |     4 ||     4
  Use: Scroll            |     4 |     9 |     7 ||    20
       Potion            |     1 |       |     2 ||     3
 Stab: Sleeping          |     4 |     9 |     9 ||    22
  Eat: Chunk             |     2 |     6 |     5 ||    13
       Bread ration      |       |       |     1 ||     1
Armor: Skin              |     6 |     8 |    12 ||    26
Dodge: Dodged            |    49 |    50 |   280 ||   379
